Unix NetHack Version 5.0.0-0 post-release - last build May  4 2026 22:22:43 (774f63e81ad911689b3a0859ea89b322d5daca8d,branch:main).

Game began 2026-05-05 13:24:12, ended 2026-05-05 13:41:03.

Fuegan, neutral male human Priest

                        --------------
                        |............|
                        |............|
      --------------    |............|     --------
      |.`..........|    |............|     |......|
      |.............####.............|    #.......|            ...
      |.....<......|    --.-----------    #|%.....|              .--
      -- -----------      ######          #|.......#             ..-#
                               ####       #|......|#           . ..|####
                                  #       #--------#               |##-.------
                                  ###     ##       #          .   --##|......|
                                    #      ##      ##        ...  |###.......|
                                    ###     #       #        ## ---#  |.>....|
                                      #     #       #        -f- ###  --------
                                   ---.-----#       ##########s@e#
                                   |.......|#         # -.---
                                   |......>|#         ##-...|
                                   |.......-#           |e..|
                                   ---------            -----

Fuegan the Acolyte           St:13 Dx:10 Co:14 In:10 Wi:16 Ch:12  Neutral
Dlvl:3  $:83 HP:0(41) Pw:47(47) AC:5  Xp:5 T:1478 

Latest messages:
 The cave spider bites!
 The kitten misses the fog cloud.
 The kitten misses the fog cloud.
 The cave spider bites!
 The kitten misses the fog cloud.
 The kitten misses the fog cloud.
 The cave spider bites!
 The kitten misses the fog cloud.
 The cave spider bites!
 The kitten misses the fog cloud.
 The cave spider bites!
 The kitten misses the fog cloud.
 The kitten misses the fog cloud.
 The cave spider just misses!
 The kitten misses the fog cloud.
 The kitten misses the fog cloud.
 The cave spider just misses!
 The kitten misses the fog cloud.
 The kitten misses the fog cloud.
 The cave spider bites!
 The kitten misses the fog cloud.
 The kitten misses the fog cloud.
 The cave spider bites!
 The kitten misses the fog cloud.
 The cave spider bites!
 The kitten misses the fog cloud.
 The cave spider bites!
 The kitten misses the fog cloud.
 The cave spider bites!
 The kitten misses the fog cloud.
 The cave spider just misses!
 The kitten misses the fog cloud.
 The kitten misses the fog cloud.
 The cave spider bites!
 The kitten misses the fog cloud.
 The cave spider bites!
 The kitten misses the fog cloud.
 The cave spider bites!
 The kitten misses the fog cloud.
 The cave spider bites!
 The kitten misses the fog cloud.
 The kitten misses the fog cloud.
 The cave spider bites!
 The kitten misses the fog cloud.
 The kitten misses the fog cloud.
 The cave spider bites!
 The kitten misses the fog cloud.
 The cave spider bites!
 You die...
 Do you want your possessions identified? [ynq] (y) q

Inventory:
 Coins    ('$')
  $ - 83 gold pieces
 Amulets  ('"')
  v - a cursed amulet of change
 Weapons  (')')
  l - a blessed +0 javelin
  a - a blessed +1 mace (weapon in right hand)
 Armor    ('[')
  i - a +0 pair of iron shoes (being worn)
  c - a +0 small shield (being worn)
  y - a +0 dwarvish cloak
  b - a blessed +0 robe (being worn)
 Comestibles  ('%')
  e - a clove of garlic
  r - 2 food rations
  z - a partly eaten food ration
  f - a sprig of wolfsbane
  p - 2 eggs
 Scrolls  ('?')
  o - a blessed scroll of create monster
 Spellbooks  ('+')
  q - a spellbook of detect unseen
  g - a spellbook of healing
  h - a spellbook of remove curse
  j - a spellbook of sleep
 Potions  ('!')
  u - a blessed potion of healing
  d - 4 potions of holy water
 Wands    ('/')
  w - a wand of light (0:13)
  m - a wand of speed monster named Speed Monster (0:5)
 Tools    ('(')
  t - an empty sack
 Gems/Stones  ('*')
  k - 2 aquamarine stones
  n - a worthless piece of green glass
  x - a worthless piece of yellowish brown glass

Fuegan the Priest's attributes:

Background:
 You were an Acolyte, a level 5 human Priest.
 You were neutral, on a mission for The Lady
 who was opposed by Blind Io (lawful) and Offler (chaotic).
 You were right-handed.
 You were in the Dungeons of Doom, on level 3.
 You entered the dungeon 1478 turns ago.
 You had 267 experience points, 53 more were needed to attain level 6.

Basics:
 You had 0 out of 41 hit points.
 You had all 47 energy points (spell power).
 Your armor class was 5.
 Your wallet contained 83 zorkmids.
 Autopickup was off.

Final Characteristics:
 Your strength was 13 (limit:18/100).
 Your dexterity was 10 (limit:18).
 Your constitution was 14 (limit:18).
 Your intelligence was 10 (limit:18).
 Your wisdom was 16 (limit:18).
 Your charisma was 12 (limit:18).

Final Status:
 You weren't hungry.
 You were unencumbered.
 You were wielding a mace.
 You had basic skill with mace.

Final Attributes:
 You were devoutly aligned.
 You aggravated monsters.
 You were guarded.
 Your spell casting was enhanced by wearing a robe.
 You are dead.

Miscellaneous:
 You didn't encounter any bones levels.
 Total elapsed playing time was 16 minutes and 49 seconds.

Major events:
 Turn
    1: Fuegan the neutral human Priest entered the dungeon
  499: attained the rank of Acolyte (level 3)
 1478: killed by a cave spider, while frozen by a floating eye's gaze

Spells:
 Name                 Level Category     Fail Retention
 healing                1   healing        0%  76%-100%
 remove curse           3   clerical       0%  91%-100%

Skills:
 Fighting Skills
   bare handed combat [Unskilled]
 Weapon Skills
   club               [Unskilled]
   mace               [Basic]
   morning star       [Unskilled]
   flail              [Unskilled]
   hammer             [Unskilled]
   quarterstaff       [Unskilled]
   polearms           [Unskilled]
   spear              [Unskilled]
   trident            [Unskilled]
   lance              [Unskilled]
   bow                [Unskilled]
   sling              [Unskilled]
   crossbow           [Unskilled]
   dart               [Unskilled]
   shuriken           [Unskilled]
   boomerang          [Unskilled]
   unicorn horn       [Unskilled]
 Spellcasting Skills
   healing spells     [Unskilled]
   divination spells  [Unskilled]
   clerical spells    [Basic]

Voluntary challenges:
 Character rerolling was not enabled.
 You never genocided any monsters.
 You never polymorphed an object.
 You never changed form.
 You used no wishes.
Achievement:
 You attained the rank of Acolyte.

 The Dungeons of Doom: levels 1 to 3
    Level 1:
    Level 2:
    Level 3: <- You were here.
       Final resting place for
          you, killed by a cave spider, while frozen by a floating eye's gaze.


Vanquished creatures:
 an imp
 11 fog clouds
  a little dog
  a hobbit
  2 giant rats
  a gecko
  3 jackals
  a fox
  a kobold
  4 grid bugs
  2 lichens
  a newt
29 creatures vanquished.

No species were genocided or became extinct.

Game over:
                       ----------
                      /          \
                     /    REST    \
                    /      IN      \
                   /     PEACE      \
                  /                  \
                  |      Fuegan      |
                  |      83 Au       |
                  | killed by a cave |
                  |      spider      |
                  |                  |
                  |                  |
                  |       2026       |
                 *|     *  *  *      | *
        _________)/\\_//(\/(/\)/\//\/|_)_______

Goodbye Fuegan the Priest...

You died in The Dungeons of Doom on dungeon level 3 with 1243 points,
and 83 pieces of gold, after 1478 moves.
You were level 5 with a maximum of 41 hit points when you died.

